 Dungeon Crawl Stone Soup version 0.32-a0-39-g5c88369fb2 (webtiles) character file.

Game seed: 11512061237032883920

39 Descartes the Sneak (level 3, 0/21 HPs)
             Began as an Octopode Fire Elementalist on Jan 27, 2024.
             Succumbed to an adder's poison
             ... on level 2 of the Dungeon.
             The game lasted 00:02:54 (1767 turns).

Descartes the Sneak (Octopode Fire Elementalist)    Turns: 1767, Time: 00:02:54

Health: 0/21       AC:  1    Str:  7    XL:     3   Next: 45%
Magic:  1/6        EV: 13    Int: 19    God:
Gold:   23         SH:  0    Dex: 12    Spells: 5/6 levels left

rFire   . . .        h - +0 sling
rCold   . . .        (no shield)
rNeg    . . .        (helmet restricted)
rPois   .            (no amulet)
rElec   .            (no ring)
rCorr   .            (no ring)
SInv    .            (no ring)
Will    .....        (no ring)
Stlth   +++          (no ring)
HPRegen 0.23/turn    (no ring)
MPRegen 0.10/turn    (no ring)
                     (no ring)

%: no passive effects
@: lethally poisoned (0 -> -6)
A: almost no armour, amphibious, 8 rings, camouflage 1, gelatinous body 1,
(nimble swimmer 1), tentacles
a: no special abilities


You were on level 2 of the Dungeon.
You visited 1 branch of the dungeon, and saw 2 of its levels.

You collected 23 gold pieces.

Inventory:

Hand Weapons
 b - a +0 club
 h - a +0 sling (weapon)
Scrolls
 c - 2 scrolls of amnesia {unknown}
 d - a scroll of summoning {unknown}
 e - a scroll of poison {unknown}
 i - a scroll of fear {unknown}
 j - a scroll of teleportation {unknown}
Potions
 a - a potion of magic
 f - a potion of mutation {unknown}
 g - a potion of lignification {unknown}


   Skills:
 + Level 2.4 Dodging
 + Level 3.3 Stealth
 + Level 2.3 Spellcasting
 + Level 1.6 Conjurations
 + Level 3.3 Fire Magic


You had 5 spell levels left.
You knew the following spells:

 Your Spells              Type           Power      Damage    Failure   Level
a - Foxfire               Conj/Fire      44%        2x1d6     6%          1

Your spell library contained the following spells:

 Spells                   Type           Power      Damage    Failure   Level
 Scorch                   Fire           28%        2d6       6%          2
 Ensorcelled Hibernation  Hex/Ice        4%         N/A       24%         2
 Inner Flame              Hex/Fire       8%         N/A       24%         3
 Volatile Blastmotes      Fire/Tloc      16%        2d11      24%         3
 Passwall                 Erth           2%         N/A       43%         3
 Swiftness                Air            2%         N/A       43%         3
 Flame Wave               Conj/Fire      11%        2d6       50%         4
 Summon Cactus Giant      Summ           1%         N/A       100%        6


Dungeon Overview and Level Annotations

Branches:
Dungeon (2/15)

Altars:


Innate Abilities, Weirdness & Mutations

You cannot wear most types of armour.
You are amphibious.
You can wear up to eight rings at the same time.
Your skin changes colour to match your surroundings (Stealth+).
Your rubbery body absorbs attacks. (AC +1, EV +1)
((You are camouflaged when in or above water. (Stealth+)))
You have tentacles for arms and can constrict up to eight enemies at once.


Message History

You conjure some foxfire!
The adder hisses angrily.
You hear an angry hiss.
An adder comes into view.
The foxfire hits the adder.
The adder is lightly wounded.
The foxfire hits the adder.
The adder is lightly wounded.
Casting: Foxfire (safe; 6% risk of failure)
Confirm with . or Enter, or press ? or * to list all spells.
You don't have enough magic to cast this spell.
You shoot a sling bullet.
The sling bullet closely misses the adder.
The sling bullet hits the adder but does no damage.
The adder closely misses you. The adder bites you.
You shoot a sling bullet. The sling bullet misses the adder.
The sling bullet closely misses the adder.
The sling bullet barely misses the frilled lizard.
The adder closely misses you. The adder bites you.
You are poisoned.
The adder poisons you!
You shoot a sling bullet. The sling bullet misses the adder.
The sling bullet closely misses the adder.
The sling bullet closely misses the frilled lizard.
You feel very sick. The adder barely misses you.
You shoot a sling bullet. The sling bullet misses the adder.
The sling bullet closely misses the adder.
The sling bullet barely misses the frilled lizard.
You feel sick. The adder bites you.
You are lethally poisoned!
The adder poisons you! The adder completely misses you.
You are too injured to fight recklessly!
You feel very sick. The adder attacks as it pursues you!
The adder closely misses you.
* * * LOW HITPOINT WARNING * * *
You feel sick. The adder attacks as it pursues you! The adder bites you.
* * * LOW HITPOINT WARNING * * *
The adder bites you.
* * * LOW HITPOINT WARNING * * *
You die...

#.#.........####.#
###.####...#......#
#...# ######.####.#
#.### ##'## #†#
##...## #.###
##.....## #.#.##
#.......##
#....####.........##
#..@....+.........'.
##...####.........##
##S## ##.......##
#S# ##.....## #l#
##...## ##.# ##+#
#..# #.......#
.....#...


You could see 2 adders and a frilled lizard.

Vanquished Creatures
  2 dart slugs
  3 ball pythons
  3 endoplasms (D:1)
  3 giant cockroaches (D:1)
  4 goblins
  A hobgoblin (D:2)
  3 jackals (D:1)
  A quokka (D:1)
  3 bats
  A frilled lizard (D:1)
  A kobold (D:1)
  8 rats
33 creatures vanquished.

Vanquished Creatures (others)
  98 foxfires
98 creatures vanquished.

Grand Total: 131 creatures vanquished

Notes
Turn   | Place    | Note
-------+----------+-------------------------------------------
     0 | D:1      | Descartes the Octopode Fire Elementalist began the quest
                  | for the Orb.
     0 | D:1      | Reached XP level 1. HP: 11/11 MP: 3/3
     6 | D:1      | Noticed an iguana
     6 | D:1      | Noticed a tyrant leech
     6 | D:1      | Noticed a servant of whispers
     7 | D:1      | Noticed a centaur
   202 | D:1      | Reached XP level 2. HP: 17/17 MP: 0/5
   493 | D:1      | Found a faded altar of an unknown god.
   654 | D:1      | Reached XP level 3. HP: 21/21 MP: 4/6
  1766 | D:2      | HP: 1/21 [adder (4)]
  1767 | D:2      | Succumbed to an adder's poison

Illustrated notes

Levels and vault maps discovered:
D:1:      onia_arrival_zoo_common, layout_loops_ring,
          shapermc_ecumenical_altar_mp_highgroup
D:2:      layout_loops_corners, minmay_tall_x

Skill      XL: |  1  2 |
---------------+-------+-----
Stealth        | 3 |  3.3
Dodging        | |  2.4
Spellcasting   | |  2.3
Conjurations   | |  1.6
Fire Magic     | |  3.3

Action                     || total
---------------------------++-------
  Melee: Club              ||     1
   Fire: Sling             ||     5
   Cast: Foxfire           ||    61
 Armour: Skin              ||     9
  Dodge: Dodged            ||     9

Table legend: (Time is in decaauts)
 A = Elapsed time spent in this place.
 B = Non-inter-level travel time spent in this place.
 C = Inter-level travel time spent in this place.
 D = Time resting spent in this place.
 E = Time spent auto-exploring this place.
 F = Levels seen in this place.
 G = Mean time per level.
                   A        B        C        D        E       F      G
               +--------+--------+--------+--------+--------+-----+--------+
         Total |   1768 |   1752 |     16 |      0 |   1523 |   2 |  884.0 |
       Dungeon |   1768 |   1752 |     16 |      0 |   1523 |   2 |  884.0 |
               +--------+--------+--------+--------+--------+-----+--------+

Top non-repeatable levels by time:
     D:1: 1242 daAuts
     D:2: 525 daAuts
